Devils vs Canadiens
Created - April 28, 2018 at 23:25
Goals
|
| Devils |
0 |
1 |
0 |
1 |
| Canadiens |
1 |
1 |
1 |
3 |
|
Shots
|
| Devils |
9 |
8 |
14 |
31 |
| Canadiens |
15 |
10 |
9 |
34 |
|
1st period
1. Canadiens , Patrick Sharp 28 (Greg Stewart 26) at 16:41
Penalties :
Chris Kreider (NJD) for Interference (Minor) at 5:35, Patrick Sharp (Mon) for Holding (Minor) at 14:30
2nd period
2. Devils , Brandon Bollig 6 (Erik Christensen 21) at 2:21
3. Canadiens , Dustin Boyd 22 (Patrick Sharp 61, Ladislav Nagy 4) at 6:58
Penalties :
Evgeny Dadonov (Mon) for Interference (Minor) at 9:03, Kyle Cumiskey (NJD) for Hooking (Minor) at 14:25
3rd period
4. Canadiens , Sidney Crosby 55 (Luke Schenn 32, Vitaly Vishnevsky 21) at 4:04 (PP)
Penalties :
Brett Maclean (Mon) for Hooking (Minor) at 1:04, Tyler Cuma (NJD) for Hooking (Minor) at 3:46, Luke Schenn (Mon) for Hooking (Minor) at 8:27, Karl Alzner (Mon) for Hooking (Minor) at 12:43, Dmitry Kulikov (NJD) for Hooking (Minor) at 14:19, Dennis Wideman (Mon) for Roughing (Minor) at 18:44
Goalie Stats
Ryan Miller (NJD), 31 saves from 34 shots - (0.912), L, 29-26-4, 60:00 minutes
Jonathan Bernier (Mon), 30 saves from 31 shots - (0.968), W, 39-25-2, 60:00 minutes
Players Stats for Devils
Player Name G A P +/- PIM S H SB GA TA FO MP PP MP PK MP
------------------------------------------------------------------------------------
Anthony Stewart 0 0 0 0 0 1 0 0 1 0 0/0 7:32 0:00 0:00
Brandon Bollig 1 0 1 0 0 1 1 0 0 0 0/0 7:32 0:00 0:00
Chris Kreider 0 0 0 0 2 2 2 0 1 0 0/0 15:34 4:49 0:00
Dmitry Kulikov 0 0 0 0 2 1 2 0 0 0 0/0 21:57 6:19 1:14
Erik Christensen 0 1 1 0 0 3 1 0 0 0 2/3 8:39 0:00 1:07
Jonathan Toews 0 0 0 0 0 3 2 1 0 0 15/23 18:16 5:58 1:32
Jordan Eberle 0 0 0 -1 0 1 1 0 2 0 1/1 22:33 4:49 1:37
Kellan Lain 0 0 0 0 0 0 3 1 0 0 0/1 15:32 5:58 0:34
Kyle Cumiskey 0 0 0 -1 2 1 0 0 0 1 0/0 11:45 0:23 2:33
Martin St. Louis 0 0 0 0 0 3 0 0 0 0 0/1 8:41 0:00 0:00
Matt Duchene 0 0 0 -1 0 2 3 2 1 0 18/27 20:54 4:49 0:13
Mike Komisarek 0 0 0 1 0 3 0 1 0 1 0/0 20:19 0:00 2:05
Mikko Koivu 0 0 0 0 0 2 0 0 1 0 3/7 12:20 0:00 3:09
Patrick Kane 0 0 0 0 0 3 1 1 4 0 3/4 20:19 5:58 3:32
Ryan Whitney 0 0 0 -1 0 1 2 1 1 0 0/0 19:49 6:43 1:19
Taylor Hall 0 0 0 -1 0 2 2 1 1 2 1/1 15:36 0:00 0:00
Travis Hamonic 0 0 0 -1 0 1 0 1 0 0 0/0 23:58 4:04 4:12
Tyler Cuma 0 0 0 0 2 1 1 1 0 1 0/0 22:25 4:04 0:21
Players Stats for Canadiens
Player Name G A P +/- PIM S H SB GA TA FO MP PP MP PK MP
------------------------------------------------------------------------------------
Adam Pardy 0 0 0 0 0 0 0 0 0 1 0/0 18:36 0:46 6:51
Andrew Ebbett 0 0 0 0 0 0 1 0 0 1 6/13 12:16 0:00 6:30
Brett Maclean 0 0 0 -1 2 0 0 1 0 1 1/3 10:30 0:44 0:00
David Jones 0 0 0 -1 0 0 2 1 0 1 0/0 13:49 0:44 2:52
Dennis Wideman 0 0 0 0 2 0 2 4 0 1 0/0 23:32 1:29 4:13
Dustin Boyd 1 0 1 2 0 5 3 1 1 2 5/13 15:18 2:13 0:28
Evgeny Dadonov 0 0 0 0 2 1 3 0 1 1 0/0 18:10 2:55 0:00
Greg Stewart 0 1 1 1 0 6 0 0 1 0 2/2 19:29 3:03 1:21
Joe Pavelski 0 0 0 1 0 3 2 0 0 0 0/0 14:20 2:13 0:00
Karl Alzner 0 0 0 1 2 1 0 0 0 0 0/0 20:00 0:24 3:47
Ladislav Nagy 0 1 1 0 0 2 0 0 0 1 0/0 11:47 0:00 6:13
Luke Schenn 0 1 1 1 2 2 4 3 1 1 0/0 27:33 4:55 5:32
Marcel Goc 0 0 0 -1 0 3 0 0 1 0 2/5 9:34 0:00 0:00
Patrick Sharp 1 1 2 2 2 2 0 1 0 0 1/1 15:49 2:13 1:18
Sidney Crosby 1 0 1 0 0 5 3 0 0 0 8/31 21:52 2:55 2:52
Tyler Pitlick 0 0 0 0 0 2 0 0 0 0 0/0 6:26 0:12 0:00
Vitaly Vishnevsky 0 1 1 1 0 2 1 0 0 2 0/0 19:58 4:23 1:11
Wes O'Neill 0 0 0 -1 0 0 1 0 0 0 0/0 9:45 0:11 0:00
3 Stars
1 - Jonathan Bernier (Mon)
2 - Dustin Boyd (Mon)
3 - Patrick Sharp (Mon)
Power Play
Devils - 0 on 6 Attempt(s) - 0.00%
Canadiens - 1 on 4 Attempt(s) - 25.00%
Penalty Kill
Devils - 3 on 4 Attempt(s) - 75.00%
- Score 0 goal in Penalty Kill
Canadiens - 6 on 6 Attempt(s) - 100.00%
- Score 0 goal in Penalty Kill
Team Stat
Devils - Hits : 21 - Faceoff Wins : 43 - Blocked Shots : 10 - Penalty Minutes : 8
Canadiens - Hits : 22 - Faceoff Wins : 25 - Blocked Shots : 11 - Penalty Minutes : 12
Official
Referees : LaRue Dennis and Charron Francis
Linesman : Jay Sharrers and Lonnie Cameron
Game Notes
No Game Note
Finance
Level 1 -- Attendance: 5731 (95.52%) -- Ticket Income $504,328
Level 2 -- Attendance: 4981 (99.62%) -- Ticket Income $273,955
Level 3 -- Attendance: 2000 (100.00%) -- Ticket Income $72,000
Level 4 -- Attendance: 4000 (100.00%) -- Ticket Income $108,000
Luxury Box -- Attendance: 966 (96.60%) -- Ticket Income $149,730
Game was played at the Centre Bell.
Total Attendance: 17678 (98.21%)
Total Ticket Income: $1,108,013
Other Income: $166,202
Total Income: $1,274,215
Devils
5 vs 5 Forward
Center Left Wing Right Wing Time % Phy DF OF
1 Matt Duchene Taylor Hall Jordan Eberle 40 0 2 3
2 Jonathan Toews Chris Kreider Patrick Kane 30 0 2 3
3 Mikko Koivu Kellan Lain Martin St. Louis 20 0 2 3
4 Erik Christensen Brandon Bollig Anthony Stewart 10 0 2 3
5 vs 5 Defense
Defense Defense Time % Phy DF OF
1 Mike Komisarek Tyler Cuma 40 1 2 2
2 Travis Hamonic Dmitry Kulikov 30 1 2 2
3 Ryan Whitney Kyle Cumiskey 20 1 2 2
4 Travis Hamonic Ryan Whitney 10 1 2 2
PowerPlay Forward
Center Left Wing Right Wing Time % Phy DF OF
1 Jonathan Toews Kellan Lain Patrick Kane 60 0 2 3
2 Matt Duchene Chris Kreider Jordan Eberle 40 0 2 3
PowerPlay Defense
Defense Defense Time % Phy DF OF
1 Dmitry Kulikov Ryan Whitney 60 0 2 3
2 Tyler Cuma Travis Hamonic 40 0 2 3
Penalty Kill 4 Players Forward
Center Wing Time % Phy DF OF
1 Mikko Koivu Patrick Kane 60 1 2 2
2 Jonathan Toews Jordan Eberle 40 1 2 2
Penalty Kill 4 Players Defense
Defense Defense Time % Phy DF OF
1 Travis Hamonic Kyle Cumiskey 60 1 2 2
2 Mike Komisarek Ryan Whitney 40 1 2 2
Penalty Kill - 3 Players Forward
Forward Time % Phy DF OF
1 Jordan Eberle 60 1 2 2
2 Patrick Kane 40 1 2 2
Penalty Kill - 3 Players Defense
Defense Defense Time % Phy DF OF
1 Travis Hamonic Kyle Cumiskey 60 1 2 2
2 Mike Komisarek Ryan Whitney 40 1 2 2
4 vs 4 Forward
Center Wing Time % Phy DF OF
1 Mikko Koivu Jordan Eberle 60 1 2 2
2 Jonathan Toews Chris Kreider 40 1 2 2
4 vs 4 Defense
Defense Defense Time % Phy DF OF
1 Mike Komisarek Dmitry Kulikov 60 1 2 2
2 Tyler Cuma Ryan Whitney 40 1 2 2
Last Minutes Offensive
Center Left Wing Right Wing Defense Defense
Matt Duchene Chris Kreider Patrick Kane Tyler Cuma Travis Hamonic
Last Minutes Defensive
Center Left Wing Right Wing Defense Defense
Matt Duchene Chris Kreider Jordan Eberle Mike Komisarek Travis Hamonic
Goaltenders
Starting : Ryan Miller
Backup : James Reimer
Extra Forwards
Normal : Jordan Eberle, Jonathan Toews, Chris Kreider - PP : Jordan Eberle, Jonathan Toews - PK : Erik Christensen
Extra Defensemen
Normal : Tyler Cuma, Mike Komisarek, Dmitry Kulikov - PP : Tyler Cuma - PK : Mike Komisarek, Dmitry Kulikov
Penalty Shots
Patrick Kane, Jonathan Toews, Mikko Koivu, Jordan Eberle, Chris Kreider
Scratches
Kurt Sauer (Bruised Left Leg Injury)
Canadiens
5 vs 5 Forward
Center Left Wing Right Wing Time % Phy DF OF
1 Sidney Crosby Greg Stewart Evgeny Dadonov 40 1 2 2
2 Dustin Boyd Patrick Sharp Joe Pavelski 30 1 2 2
3 Marcel Goc Brett Maclean David Jones 20 1 2 2
4 Andrew Ebbett Ladislav Nagy Tyler Pitlick 10 1 2 2
5 vs 5 Defense
Defense Defense Time % Phy DF OF
1 Luke Schenn Dennis Wideman 40 1 2 2
2 Vitaly Vishnevsky Karl Alzner 30 1 2 2
3 Wes O'Neill Adam Pardy 20 1 2 2
4 Luke Schenn Dennis Wideman 10 1 2 2
PowerPlay Forward
Center Left Wing Right Wing Time % Phy DF OF
1 Sidney Crosby Greg Stewart Evgeny Dadonov 60 1 2 2
2 Dustin Boyd Patrick Sharp Joe Pavelski 40 1 2 2
PowerPlay Defense
Defense Defense Time % Phy DF OF
1 Luke Schenn Vitaly Vishnevsky 60 1 2 2
2 Adam Pardy Dennis Wideman 40 1 2 2
Penalty Kill 4 Players Forward
Center Wing Time % Phy DF OF
1 Andrew Ebbett Ladislav Nagy 60 1 2 2
2 Sidney Crosby David Jones 40 1 2 2
Penalty Kill 4 Players Defense
Defense Defense Time % Phy DF OF
1 Luke Schenn Adam Pardy 60 1 2 2
2 Dennis Wideman Karl Alzner 40 1 2 2
Penalty Kill - 3 Players Forward
Forward Time % Phy DF OF
1 Sidney Crosby 60 1 2 2
2 Andrew Ebbett 40 1 2 2
Penalty Kill - 3 Players Defense
Defense Defense Time % Phy DF OF
1 Luke Schenn Adam Pardy 60 1 2 2
2 Dennis Wideman Karl Alzner 40 1 2 2
4 vs 4 Forward
Center Wing Time % Phy DF OF
1 Sidney Crosby Evgeny Dadonov 60 1 2 2
2 Dustin Boyd Joe Pavelski 40 1 2 2
4 vs 4 Defense
Defense Defense Time % Phy DF OF
1 Luke Schenn Dennis Wideman 60 1 2 2
2 Adam Pardy Karl Alzner 40 1 2 2
Last Minutes Offensive
Center Left Wing Right Wing Defense Defense
Sidney Crosby Patrick Sharp Joe Pavelski Luke Schenn Dennis Wideman
Last Minutes Defensive
Center Left Wing Right Wing Defense Defense
Sidney Crosby Patrick Sharp Joe Pavelski Luke Schenn Adam Pardy
Goaltenders
Starting : Jonathan Bernier
Backup : Mikael Tellqvist
Extra Forwards
Normal : Andrew Ebbett, Dustin Boyd, David Jones - PP : Brett Maclean, David Jones - PK : Patrick Sharp
Extra Defensemen
Normal : Wes O'Neill, Adam Pardy, Luke Schenn - PP : Wes O'Neill - PK : Adam Pardy, Luke Schenn
Penalty Shots
Sidney Crosby, Brett Maclean, Joe Pavelski, Patrick Sharp, Greg Stewart
Scratches
Jason Spezza (Sprained Left Ankle Injury), Cal Clutterbuck (Strained Back Injury)
% Time on Ice - Devils
Lines # - Real PCT - Wanted PCT - Time Play
Normal Forward
1 - 37% - 40% - 16:02
2 - 25% - 30% - 10:43
3 - 20% - 20% - 8:41
4 - 18% - 10% - 7:32
Normal Defense
1 - 44% - 40% - 19:01
2 - 32% - 30% - 13:37
3 - 19% - 20% - 8:17
4 - 5% - 10% - 2:03
PP Forward
1 - 55% - 60% - 5:58
2 - 45% - 40% - 4:49
PP Defense
1 - 62% - 60% - 6:43
2 - 38% - 40% - 4:04
PK Forward
1 - 74% - 60% - 4:20
2 - 26% - 40% - 1:32
PK Defense
1 - 78% - 60% - 4:33
2 - 22% - 40% - 1:19
PK3 Forward
1 - 0% - 60%
2 - 0% - 40%
PK3 Defense
1 - 0% - 60%
2 - 0% - 40%
44 Forward
1 - 100% - 60% - 0:23
2 - 0% - 40% - 0:00
44 Defense
1 - 100% - 60% - 0:23
2 - 0% - 40% - 0:00
Last Minute Offensive - 0:00
Last Minute Defensive - 0:00
Total
Forward - 60:00
Defense - 60:00
|
% Time on Ice - Canadiens
Lines # - Real PCT - Wanted PCT - Time Play
Normal Forward
1 - 35% - 40% - 15:05
2 - 30% - 30% - 12:56
3 - 22% - 20% - 9:23
4 - 13% - 10% - 5:34
Normal Defense
1 - 41% - 40% - 17:34
2 - 34% - 30% - 14:45
3 - 22% - 20% - 9:21
4 - 3% - 10% - 1:18
PP Forward
1 - 62% - 60% - 3:39
2 - 38% - 40% - 2:13
PP Defense
1 - 87% - 60% - 5:06
2 - 13% - 40% - 0:46
PK Forward
1 - 73% - 60% - 7:55
2 - 27% - 40% - 2:52
PK Defense
1 - 68% - 60% - 7:18
2 - 32% - 40% - 3:29
PK3 Forward
1 - 0% - 60%
2 - 0% - 40%
PK3 Defense
1 - 0% - 60%
2 - 0% - 40%
44 Forward
1 - 100% - 60% - 0:23
2 - 0% - 40% - 0:00
44 Defense
1 - 100% - 60% - 0:23
2 - 0% - 40% - 0:00
Last Minute Offensive - 0:00
Last Minute Defensive - 0:00
Total
Forward - 60:00
Defense - 60:00
|
Play by Play
1st period
0:01 of 1st period - Sidney Crosby wins face-off versus Matt Duchene in neutral zone.
1:15 of 1st period - Wrist shot by Erik Christensen.
1:15 of 1st period - Shot Misses the Net.
1:17 of 1st period - Slapshot by Mike Komisarek.
1:17 of 1st period - Stopped by Jonathan Bernier without a rebound.
1:18 of 1st period - Jordan Eberle wins face-off versus Sidney Crosby in Canadiens zone.
1:19 of 1st period - Wrist shot by Matt Duchene.
1:19 of 1st period - Stopped by Jonathan Bernier without a rebound.
1:20 of 1st period - Matt Duchene wins face-off versus Sidney Crosby in Canadiens zone.
1:33 of 1st period - Wrist shot by Sidney Crosby.
1:33 of 1st period - Stopped by Ryan Miller with a rebound.
2:13 of 1st period - Martin St. Louis is hit by David Jones and loses puck.
3:09 of 1st period - Tyler Cuma is hit by Dustin Boyd and loses puck.
3:32 of 1st period - Snap shot by Marcel Goc.
3:32 of 1st period - Stopped by Ryan Miller with a rebound.
3:56 of 1st period - Ryan Whitney is hit by Andrew Ebbett.
4:00 of 1st period - Adam Pardy is hit by Ryan Whitney and loses puck.
4:08 of 1st period - Icing by Adam Pardy.
4:09 of 1st period - Matt Duchene wins face-off versus Sidney Crosby in Canadiens zone.
4:15 of 1st period - Icing by Evgeny Dadonov.
4:16 of 1st period - Matt Duchene wins face-off versus Sidney Crosby in Canadiens zone.
4:49 of 1st period - Snap shot by Evgeny Dadonov.
4:49 of 1st period - Shot Misses the Net.
4:51 of 1st period - Slapshot by Evgeny Dadonov.
4:51 of 1st period - Deflect By Sidney Crosby.
4:51 of 1st period - Stopped by Ryan Miller with a rebound.
5:16 of 1st period - Slapshot by Sidney Crosby.
5:16 of 1st period - Shot Blocked by Matt Duchene.
5:18 of 1st period - Wrist shot by Evgeny Dadonov.
5:18 of 1st period - Stopped by Ryan Miller with a rebound.
5:32 of 1st period - Snap shot by Sidney Crosby.
5:32 of 1st period - Deflect By Evgeny Dadonov.
5:32 of 1st period - Shot Misses the Net.
5:32 of 1st period - Puck is out of play.
5:33 of 1st period - Jonathan Toews wins face-off versus Dustin Boyd in Devils zone.
5:35 of 1st period - Minor Penalty to Chris Kreider for Interference.
5:36 of 1st period - Dustin Boyd wins face-off versus Mikko Koivu in Devils zone.
5:46 of 1st period - Wrist shot by Joe Pavelski.
5:46 of 1st period - Shot Misses the Net.
5:48 of 1st period - Slapshot by Luke Schenn.
5:48 of 1st period - Shot Misses the Net.
5:50 of 1st period - Slapshot by Vitaly Vishnevsky.
5:50 of 1st period - Deflect By Joe Pavelski.
5:50 of 1st period - Shot Misses the Net.
5:50 of 1st period - Puck is out of play.
5:51 of 1st period - Dustin Boyd wins face-off versus Mikko Koivu in Devils zone.
5:54 of 1st period - Snap shot by Joe Pavelski.
5:54 of 1st period - Stopped by Ryan Miller with a rebound.
5:56 of 1st period - Wrist shot by Joe Pavelski.
5:56 of 1st period - Stopped by Ryan Miller with a rebound.
5:58 of 1st period - Wrist shot by Patrick Sharp.
5:58 of 1st period - Shot Blocked by Ryan Whitney.
6:16 of 1st period - Ryan Whitney is hit by Sidney Crosby and loses puck.
6:29 of 1st period - Jordan Eberle is hit by Luke Schenn and loses puck.
7:32 of 1st period - Mike Komisarek is hit by Luke Schenn and loses puck.
7:35 of 1st period - Penalty to Chris Kreider is over, Chris Kreider is back on ice.
7:39 of 1st period - Snap shot by Patrick Kane.
7:39 of 1st period - Shot Misses the Net.
7:41 of 1st period - Wrist shot by Patrick Kane.
7:41 of 1st period - Deflect By Greg Stewart.
7:41 of 1st period - Stopped by Jonathan Bernier without a rebound.
7:42 of 1st period - Erik Christensen wins face-off versus Dustin Boyd in Canadiens zone.
9:15 of 1st period - Karl Alzner is hit by Jonathan Toews and loses puck.
9:28 of 1st period - Anthony Stewart is hit by Wes O'Neill and loses puck.
9:41 of 1st period - Icing by Vitaly Vishnevsky.
9:42 of 1st period - Matt Duchene wins face-off versus Marcel Goc in Canadiens zone.
10:07 of 1st period - Slapshot by Luke Schenn.
10:07 of 1st period - Stopped by Ryan Miller without a rebound.
10:08 of 1st period - Jonathan Toews wins face-off versus Dustin Boyd in Devils zone.
10:47 of 1st period - Wrist shot by Dustin Boyd.
10:47 of 1st period - Stopped by Ryan Miller without a rebound.
10:48 of 1st period - Matt Duchene wins face-off versus Sidney Crosby in Devils zone.
11:02 of 1st period - Off-side.
11:03 of 1st period - Sidney Crosby wins face-off versus Martin St. Louis in neutral zone.
11:12 of 1st period - Mike Komisarek is hit by Sidney Crosby and loses puck.
11:36 of 1st period - David Jones is hit by Chris Kreider and loses puck.
11:54 of 1st period - Icing by Dmitry Kulikov.
11:55 of 1st period - Dustin Boyd wins face-off versus Matt Duchene in Devils zone.
12:06 of 1st period - Luke Schenn is hit by Matt Duchene and loses puck.
12:27 of 1st period - Wrist shot by Jordan Eberle.
12:27 of 1st period - Stopped by Jonathan Bernier with a rebound.
12:35 of 1st period - Wrist shot by Taylor Hall.
12:35 of 1st period - Stopped by Jonathan Bernier without a rebound.
12:36 of 1st period - Jonathan Toews wins face-off versus Sidney Crosby in Canadiens zone.
12:37 of 1st period - Slapshot by Chris Kreider.
12:37 of 1st period - Shot Misses the Net.
13:45 of 1st period - Snap shot by Matt Duchene.
13:45 of 1st period - Stopped by Jonathan Bernier without a rebound.
13:46 of 1st period - Matt Duchene wins face-off versus Dustin Boyd in Canadiens zone.
13:55 of 1st period - Slapshot by Joe Pavelski.
13:55 of 1st period - Deflect By Dustin Boyd.
13:55 of 1st period - Stopped by Ryan Miller without a rebound.
13:56 of 1st period - Jonathan Toews wins face-off versus Sidney Crosby in Devils zone.
14:30 of 1st period - Minor Penalty to Patrick Sharp for Holding.
14:31 of 1st period - Patrick Kane wins face-off versus Andrew Ebbett in Canadiens zone.
14:35 of 1st period - Wrist shot by Patrick Kane.
14:35 of 1st period - Stopped by Jonathan Bernier without a rebound.
14:36 of 1st period - Andrew Ebbett wins face-off versus Jonathan Toews in Canadiens zone.
16:30 of 1st period - Penalty to Patrick Sharp is over, Patrick Sharp is back on ice.
16:41 of 1st period - Wrist shot by Patrick Sharp.
16:41 of 1st period - Goal by Patrick Sharp - Devils : 0 - Canadiens : 1.
16:42 of 1st period - Matt Duchene wins face-off versus Sidney Crosby in neutral zone.
16:47 of 1st period - Backhand shot by Mike Komisarek.
16:47 of 1st period - Stopped by Jonathan Bernier without a rebound.
16:48 of 1st period - Sidney Crosby wins face-off versus Matt Duchene in Canadiens zone.
16:53 of 1st period - Matt Duchene is hit by Evgeny Dadonov and loses puck.
17:18 of 1st period - Snap shot by Greg Stewart.
17:18 of 1st period - Stopped by Ryan Miller with a rebound.
17:20 of 1st period - Slapshot by Karl Alzner.
17:20 of 1st period - Shot Blocked by Mike Komisarek.
17:42 of 1st period - Slapshot by Greg Stewart.
17:42 of 1st period - Stopped by Ryan Miller with a rebound.
17:44 of 1st period - Slapshot by Vitaly Vishnevsky.
17:44 of 1st period - Stopped by Ryan Miller without a rebound.
17:45 of 1st period - Jonathan Toews wins face-off versus Dustin Boyd in Devils zone.
18:19 of 1st period - Wrist shot by Marcel Goc.
18:19 of 1st period - Stopped by Ryan Miller with a rebound.
18:29 of 1st period - Wrist shot by Erik Christensen.
18:29 of 1st period - Stopped by Jonathan Bernier without a rebound.
18:30 of 1st period - Andrew Ebbett wins face-off versus Erik Christensen in Canadiens zone.
18:37 of 1st period - Wrist shot by Ladislav Nagy.
18:37 of 1st period - Stopped by Ryan Miller with a rebound.
18:55 of 1st period - Patrick Sharp is hit by Jonathan Toews and loses puck.
19:00 of 1st period - Slapshot by Patrick Kane.
19:00 of 1st period - Shot Blocked by Dustin Boyd.
19:42 of 1st period - Kellan Lain is hit by Luke Schenn and loses puck.
Goals for this period are 0 for Devils vs 1 for Canadiens.
Shots for this period are 9 for Devils vs 15 for Canadiens.
2nd period
0:01 of 2nd period - Jonathan Toews wins face-off versus Sidney Crosby in neutral zone.
0:04 of 2nd period - Sidney Crosby is hit by Tyler Cuma and loses puck.
0:27 of 2nd period - Jordan Eberle is hit by Dustin Boyd.
2:21 of 2nd period - Wrist shot by Brandon Bollig.
2:21 of 2nd period - Goal by Brandon Bollig - Devils : 1 - Canadiens : 1.
2:22 of 2nd period - Greg Stewart wins face-off versus Jonathan Toews in neutral zone.
2:31 of 2nd period - Snap shot by Sidney Crosby.
2:31 of 2nd period - Shot Misses the Net.
2:37 of 2nd period - Slapshot by Sidney Crosby.
2:37 of 2nd period - Stopped by Ryan Miller with a rebound.
2:39 of 2nd period - Backhand shot by Vitaly Vishnevsky.
2:39 of 2nd period - Stopped by Ryan Miller with a rebound.
2:49 of 2nd period - Dustin Boyd is hit by Dmitry Kulikov and loses puck.
3:15 of 2nd period - Snap shot by Martin St. Louis.
3:15 of 2nd period - Stopped by Jonathan Bernier with a rebound.
3:39 of 2nd period - Snap shot by David Jones.
3:39 of 2nd period - Deflect By Marcel Goc.
3:39 of 2nd period - Stopped by Ryan Miller with a rebound.
4:41 of 2nd period - Slapshot by Ladislav Nagy.
4:41 of 2nd period - Shot Blocked by Kellan Lain.
4:58 of 2nd period - Off-side.
4:59 of 2nd period - Erik Christensen wins face-off versus Marcel Goc in neutral zone.
5:24 of 2nd period - Anthony Stewart is hit by Joe Pavelski and loses puck.
5:51 of 2nd period - Karl Alzner is hit by Matt Duchene.
6:54 of 2nd period - Snap shot by Ladislav Nagy.
6:54 of 2nd period - Shot Misses the Net.
6:56 of 2nd period - Snap shot by Patrick Sharp.
6:56 of 2nd period - Shot Misses the Net.
6:58 of 2nd period - Slapshot by Dustin Boyd.
6:58 of 2nd period - Goal by Dustin Boyd - Devils : 1 - Canadiens : 2.
6:59 of 2nd period - Sidney Crosby wins face-off versus Matt Duchene in neutral zone.
7:12 of 2nd period - Slapshot by Dennis Wideman.
7:12 of 2nd period - Shot Blocked by Matt Duchene.
8:22 of 2nd period - Adam Pardy is hit by Ryan Whitney and loses puck.
8:35 of 2nd period - Mike Komisarek is hit by Sidney Crosby and loses puck.
8:58 of 2nd period - Off-side.
8:59 of 2nd period - Patrick Kane wins face-off versus Sidney Crosby in neutral zone.
9:03 of 2nd period - Minor Penalty to Evgeny Dadonov for Interference.
9:04 of 2nd period - Jonathan Toews wins face-off versus Andrew Ebbett in Canadiens zone.
9:34 of 2nd period - Wrist shot by Chris Kreider.
9:34 of 2nd period - Stopped by Jonathan Bernier without a rebound.
9:35 of 2nd period - Andrew Ebbett wins face-off versus Matt Duchene in Canadiens zone.
9:41 of 2nd period - Icing by Chris Kreider.
9:42 of 2nd period - Matt Duchene wins face-off versus Andrew Ebbett in Devils zone.
10:29 of 2nd period - Wrist shot by Chris Kreider.
10:29 of 2nd period - Stopped by Jonathan Bernier without a rebound.
10:30 of 2nd period - Sidney Crosby wins face-off versus Jonathan Toews in Canadiens zone.
10:45 of 2nd period - Snap shot by Jonathan Toews.
10:45 of 2nd period - Shot Misses the Net.
11:03 of 2nd period - Penalty to Evgeny Dadonov is over, Evgeny Dadonov is back on ice.
11:25 of 2nd period - Brandon Bollig is hit by Joe Pavelski and loses puck.
11:42 of 2nd period - Slapshot by Anthony Stewart.
11:42 of 2nd period - Shot Blocked by Patrick Sharp.
11:44 of 2nd period - Wrist shot by Anthony Stewart.
11:44 of 2nd period - Shot Misses the Net.
11:46 of 2nd period - Slapshot by Ryan Whitney.
11:46 of 2nd period - Deflect By Anthony Stewart.
11:46 of 2nd period - Stopped by Jonathan Bernier without a rebound.
11:47 of 2nd period - Matt Duchene wins face-off versus Sidney Crosby in Canadiens zone.
11:54 of 2nd period - Jordan Eberle is hit by Evgeny Dadonov and loses puck.
12:54 of 2nd period - Off-side.
12:55 of 2nd period - Taylor Hall wins face-off versus Sidney Crosby in neutral zone.
13:06 of 2nd period - Slapshot by Travis Hamonic.
13:06 of 2nd period - Stopped by Jonathan Bernier without a rebound.
13:07 of 2nd period - Sidney Crosby wins face-off versus Matt Duchene in Canadiens zone.
13:21 of 2nd period - Wrist shot by Sidney Crosby.
13:21 of 2nd period - Stopped by Ryan Miller without a rebound.
13:22 of 2nd period - Jonathan Toews wins face-off versus Dustin Boyd in Devils zone.
13:33 of 2nd period - Snap shot by Dustin Boyd.
13:33 of 2nd period - Stopped by Ryan Miller with a rebound.
13:35 of 2nd period - Snap shot by Luke Schenn.
13:35 of 2nd period - Stopped by Ryan Miller with a rebound.
13:37 of 2nd period - Snap shot by Luke Schenn.
13:37 of 2nd period - Shot Blocked by Jonathan Toews.
13:47 of 2nd period - Sidney Crosby is hit by Matt Duchene and loses puck.
13:52 of 2nd period - Snap shot by Taylor Hall.
13:52 of 2nd period - Shot Misses the Net.
13:54 of 2nd period - Slapshot by Ryan Whitney.
13:54 of 2nd period - Shot Misses the Net.
13:56 of 2nd period - Slapshot by Kyle Cumiskey.
13:56 of 2nd period - Shot Misses the Net.
14:04 of 2nd period - Greg Stewart is hit by Jordan Eberle and loses puck.
14:25 of 2nd period - Minor Penalty to Kyle Cumiskey for Hooking.
14:26 of 2nd period - Dustin Boyd wins face-off versus Mikko Koivu in Devils zone.
15:12 of 2nd period - Jonathan Toews is hit by Luke Schenn and loses puck.
16:22 of 2nd period - Off-side.
16:23 of 2nd period - Matt Duchene wins face-off versus Sidney Crosby in neutral zone.
16:25 of 2nd period - Penalty to Kyle Cumiskey is over, Kyle Cumiskey is back on ice.
16:40 of 2nd period - Marcel Goc is hit by Brandon Bollig and loses puck.
16:45 of 2nd period - Wrist shot by Anthony Stewart.
16:45 of 2nd period - Shot Blocked by David Jones.
16:47 of 2nd period - Slapshot by Tyler Cuma.
16:47 of 2nd period - Stopped by Jonathan Bernier with a rebound.
17:05 of 2nd period - Ladislav Nagy is hit by Taylor Hall.
17:50 of 2nd period - Snap shot by Martin St. Louis.
17:50 of 2nd period - Deflect By Mikko Koivu.
17:50 of 2nd period - Stopped by Jonathan Bernier with a rebound.
17:58 of 2nd period - Kyle Cumiskey is hit by Vitaly Vishnevsky and loses puck.
18:31 of 2nd period - Snap shot by Marcel Goc.
18:31 of 2nd period - Shot Misses the Net.
18:33 of 2nd period - Snap shot by Tyler Pitlick.
18:33 of 2nd period - Deflect By Matt Duchene.
18:33 of 2nd period - Stopped by Ryan Miller with a rebound.
18:35 of 2nd period - Backhand shot by Tyler Pitlick.
18:35 of 2nd period - Stopped by Ryan Miller with a rebound.
18:40 of 2nd period - Icing by Mike Komisarek.
18:41 of 2nd period - Matt Duchene wins face-off versus Sidney Crosby in Devils zone.
19:16 of 2nd period - Slapshot by Joe Pavelski.
19:16 of 2nd period - Stopped by Ryan Miller without a rebound.
19:17 of 2nd period - Jonathan Toews wins face-off versus Sidney Crosby in Devils zone.
19:44 of 2nd period - Martin St. Louis is hit by Dustin Boyd and loses puck.
Goals for this period are 1 for Devils vs 1 for Canadiens.
Shots for this period are 8 for Devils vs 10 for Canadiens.
3rd period
0:01 of 3rd period - Matt Duchene wins face-off versus Sidney Crosby in neutral zone.
0:06 of 3rd period - Snap shot by Jordan Eberle.
0:06 of 3rd period - Shot Misses the Net.
0:28 of 3rd period - Wrist shot by Patrick Sharp.
0:28 of 3rd period - Stopped by Ryan Miller with a rebound.
0:30 of 3rd period - Slapshot by Dennis Wideman.
0:30 of 3rd period - Shot Misses the Net.
0:32 of 3rd period - Slapshot by Luke Schenn.
0:32 of 3rd period - Shot Blocked by Patrick Kane.
0:58 of 3rd period - Snap shot by Mikko Koivu.
0:58 of 3rd period - Shot Misses the Net.
1:04 of 3rd period - Minor Penalty to Brett Maclean for Hooking.
1:05 of 3rd period - Andrew Ebbett wins face-off versus Jonathan Toews in Canadiens zone.
1:40 of 3rd period - Slapshot by Dmitry Kulikov.
1:40 of 3rd period - Stopped by Jonathan Bernier with a rebound.
3:04 of 3rd period - Penalty to Brett Maclean is over, Brett Maclean is back on ice.
3:08 of 3rd period - Sidney Crosby is hit by Erik Christensen and loses puck.
3:13 of 3rd period - Snap shot by Erik Christensen.
3:13 of 3rd period - Shot Misses the Net.
3:15 of 3rd period - Slapshot by Dmitry Kulikov.
3:15 of 3rd period - Shot Blocked by Dennis Wideman.
3:46 of 3rd period - Minor Penalty to Tyler Cuma for Hooking.
3:47 of 3rd period - Sidney Crosby wins face-off versus Mikko Koivu in Devils zone.
3:50 of 3rd period - Snap shot by Sidney Crosby.
3:50 of 3rd period - Deflect By Patrick Kane.
3:50 of 3rd period - Shot Misses the Net.
3:50 of 3rd period - Puck is out of play.
3:51 of 3rd period - Patrick Kane wins face-off versus Sidney Crosby in Devils zone.
4:02 of 3rd period - Slapshot by Luke Schenn.
4:02 of 3rd period - Shot Misses the Net.
4:04 of 3rd period - Snap shot by Sidney Crosby.
4:04 of 3rd period - Goal by Sidney Crosby - Devils : 1 - Canadiens : 3.
4:05 of 3rd period - Matt Duchene wins face-off versus Sidney Crosby in neutral zone.
4:08 of 3rd period - Evgeny Dadonov is hit by Taylor Hall and loses puck.
4:52 of 3rd period - Icing by Dmitry Kulikov.
4:53 of 3rd period - Matt Duchene wins face-off versus Dustin Boyd in Devils zone.
5:26 of 3rd period - Snap shot by Martin St. Louis.
5:26 of 3rd period - Shot Misses the Net.
5:28 of 3rd period - Slapshot by Mikko Koivu.
5:28 of 3rd period - Stopped by Jonathan Bernier without a rebound.
5:29 of 3rd period - Mikko Koivu wins face-off versus Sidney Crosby in Canadiens zone.
5:38 of 3rd period - Slapshot by Martin St. Louis.
5:38 of 3rd period - Shot Misses the Net.
5:40 of 3rd period - Snap shot by Mike Komisarek.
5:40 of 3rd period - Stopped by Jonathan Bernier with a rebound.
5:42 of 3rd period - Snap shot by Martin St. Louis.
5:42 of 3rd period - Stopped by Jonathan Bernier without a rebound.
5:43 of 3rd period - Matt Duchene wins face-off versus Sidney Crosby in Canadiens zone.
6:00 of 3rd period - Slapshot by Greg Stewart.
6:00 of 3rd period - Stopped by Ryan Miller without a rebound.
6:01 of 3rd period - Jonathan Toews wins face-off versus Dustin Boyd in Devils zone.
6:01 of 3rd period - Jonathan Toews is hit by Dennis Wideman.
6:15 of 3rd period - Slapshot by Chris Kreider.
6:15 of 3rd period - Shot Blocked by Luke Schenn.
6:17 of 3rd period - Backhand shot by Travis Hamonic.
6:17 of 3rd period - Shot Blocked by Dennis Wideman.
7:01 of 3rd period - Slapshot by Kyle Cumiskey.
7:01 of 3rd period - Stopped by Jonathan Bernier without a rebound.
7:02 of 3rd period - Greg Stewart wins face-off versus Patrick Kane in Canadiens zone.
7:36 of 3rd period - Icing by Marcel Goc.
7:37 of 3rd period - Marcel Goc wins face-off versus Jonathan Toews in Canadiens zone.
7:42 of 3rd period - Mike Komisarek is hit by Dennis Wideman and loses puck.
7:59 of 3rd period - Slapshot by Dennis Wideman.
7:59 of 3rd period - Shot Blocked by Taylor Hall.
8:05 of 3rd period - Wrist shot by Taylor Hall.
8:05 of 3rd period - Stopped by Jonathan Bernier with a rebound.
8:07 of 3rd period - Backhand shot by Mike Komisarek.
8:07 of 3rd period - Shot Blocked by Brett Maclean.
8:09 of 3rd period - Snap shot by Jordan Eberle.
8:09 of 3rd period - Shot Blocked by Dennis Wideman.
8:11 of 3rd period - Slapshot by Taylor Hall.
8:11 of 3rd period - Shot Blocked by Dennis Wideman.
8:25 of 3rd period - Backhand shot by Erik Christensen.
8:25 of 3rd period - Stopped by Jonathan Bernier with a rebound.
8:27 of 3rd period - Minor Penalty to Luke Schenn for Hooking.
8:28 of 3rd period - Jonathan Toews wins face-off versus Andrew Ebbett in Canadiens zone.
8:35 of 3rd period - Snap shot by Jonathan Toews.
8:35 of 3rd period - Stopped by Jonathan Bernier with a rebound.
9:04 of 3rd period - Slapshot by Ryan Whitney.
9:04 of 3rd period - Stopped by Jonathan Bernier without a rebound.
9:05 of 3rd period - Matt Duchene wins face-off versus Sidney Crosby in Canadiens zone.
10:08 of 3rd period - Wrist shot by Greg Stewart.
10:08 of 3rd period - Stopped by Ryan Miller without a rebound.
10:09 of 3rd period - Andrew Ebbett wins face-off versus Jonathan Toews in Devils zone.
10:27 of 3rd period - Penalty to Luke Schenn is over, Luke Schenn is back on ice.
10:39 of 3rd period - Wrist shot by Luke Schenn.
10:39 of 3rd period - Shot Misses the Net.
11:01 of 3rd period - Snap shot by Kellan Lain.
11:01 of 3rd period - Shot Misses the Net.
11:03 of 3rd period - Snap shot by Mike Komisarek.
11:03 of 3rd period - Shot Misses the Net.
11:05 of 3rd period - Wrist shot by Martin St. Louis.
11:05 of 3rd period - Stopped by Jonathan Bernier with a rebound.
11:19 of 3rd period - Snap shot by Karl Alzner.
11:19 of 3rd period - Stopped by Ryan Miller without a rebound.
11:20 of 3rd period - Andrew Ebbett wins face-off versus Matt Duchene in Devils zone.
11:21 of 3rd period - Slapshot by Ladislav Nagy.
11:21 of 3rd period - Stopped by Ryan Miller without a rebound.
11:22 of 3rd period - Matt Duchene wins face-off versus Sidney Crosby in Devils zone.
11:22 of 3rd period - Matt Duchene is hit by Evgeny Dadonov.
11:48 of 3rd period - Sidney Crosby is hit by Kellan Lain.
11:52 of 3rd period - Snap shot by Martin St. Louis.
11:52 of 3rd period - Shot Misses the Net.
12:12 of 3rd period - Slapshot by Greg Stewart.
12:12 of 3rd period - Shot Blocked by Travis Hamonic.
12:14 of 3rd period - Slapshot by Dennis Wideman.
12:14 of 3rd period - Deflect By Sidney Crosby.
12:14 of 3rd period - Shot Misses the Net.
12:14 of 3rd period - Puck is out of play.
12:15 of 3rd period - Dustin Boyd wins face-off versus Matt Duchene in Devils zone.
12:20 of 3rd period - Wrist shot by Patrick Sharp.
12:20 of 3rd period - Shot Misses the Net.
12:43 of 3rd period - Minor Penalty to Karl Alzner for Hooking.
12:44 of 3rd period - Jonathan Toews wins face-off versus Andrew Ebbett in Canadiens zone.
12:47 of 3rd period - Snap shot by Jonathan Toews.
12:47 of 3rd period - Stopped by Jonathan Bernier with a rebound.
13:11 of 3rd period - Luke Schenn is hit by Chris Kreider.
13:25 of 3rd period - Backhand shot by Luke Schenn.
13:25 of 3rd period - Shot Blocked by Tyler Cuma.
13:51 of 3rd period - Jonathan Toews is hit by David Jones and loses puck.
14:12 of 3rd period - Icing by Jonathan Toews.
14:13 of 3rd period - Patrick Sharp wins face-off versus Jonathan Toews in Devils zone.
14:19 of 3rd period - Minor Penalty to Dmitry Kulikov for Hooking.
14:20 of 3rd period - Mikko Koivu wins face-off versus Sidney Crosby in Devils zone.
14:43 of 3rd period - Penalty to Karl Alzner is over, Karl Alzner is back on ice.
15:10 of 3rd period - Wrist shot by Dustin Boyd.
15:10 of 3rd period - Stopped by Ryan Miller with a rebound.
15:32 of 3rd period - Snap shot by Greg Stewart.
15:32 of 3rd period - Stopped by Ryan Miller with a rebound.
15:34 of 3rd period - Slapshot by Vitaly Vishnevsky.
15:34 of 3rd period - Shot Misses the Net.
15:36 of 3rd period - Slapshot by Wes O'Neill.
15:36 of 3rd period - Deflect By Greg Stewart.
15:36 of 3rd period - Stopped by Ryan Miller without a rebound.
15:37 of 3rd period - Mikko Koivu wins face-off versus Brett Maclean in Devils zone.
15:46 of 3rd period - Vitaly Vishnevsky is hit by Kellan Lain and loses puck.
15:54 of 3rd period - Icing by Vitaly Vishnevsky.
15:55 of 3rd period - Jonathan Toews wins face-off versus Brett Maclean in Canadiens zone.
16:19 of 3rd period - Penalty to Dmitry Kulikov is over, Dmitry Kulikov is back on ice.
16:56 of 3rd period - Slapshot by Erik Christensen.
16:56 of 3rd period - Stopped by Jonathan Bernier with a rebound.
17:15 of 3rd period - Wrist shot by Ladislav Nagy.
17:15 of 3rd period - Deflect By Andrew Ebbett.
17:15 of 3rd period - Shot Misses the Net.
17:15 of 3rd period - Puck is out of play.
17:16 of 3rd period - Matt Duchene wins face-off versus Marcel Goc in Devils zone.
17:41 of 3rd period - Icing by Vitaly Vishnevsky.
17:42 of 3rd period - Marcel Goc wins face-off versus Kellan Lain in Canadiens zone.
17:42 of 3rd period - Marcel Goc is hit by Kellan Lain.
18:23 of 3rd period - Icing by Dustin Boyd.
18:24 of 3rd period - Brett Maclean wins face-off versus Jonathan Toews in Canadiens zone.
18:28 of 3rd period - Luke Schenn is hit by Dmitry Kulikov.
18:44 of 3rd period - Minor Penalty to Dennis Wideman for Roughing.
18:45 of 3rd period - Jonathan Toews wins face-off versus Andrew Ebbett in Canadiens zone.
19:06 of 3rd period - Icing by Ryan Whitney.
19:07 of 3rd period - Jonathan Toews wins face-off versus Andrew Ebbett in Devils zone.
19:23 of 3rd period - Luke Schenn is hit by Patrick Kane and loses puck.
19:28 of 3rd period - Snap shot by Jonathan Toews.
19:28 of 3rd period - Shot Misses the Net.
19:30 of 3rd period - Snap shot by Patrick Kane.
19:30 of 3rd period - Shot Misses the Net.
19:32 of 3rd period - Slapshot by Ryan Whitney.
19:32 of 3rd period - Shot Blocked by Luke Schenn.
19:34 of 3rd period - Snap shot by Patrick Kane.
19:34 of 3rd period - Stopped by Jonathan Bernier with a rebound.
19:36 of 3rd period - Snap shot by Jonathan Toews.
19:36 of 3rd period - Shot Misses the Net.
19:38 of 3rd period - Snap shot by Patrick Kane.
19:38 of 3rd period - Shot Blocked by Luke Schenn.
19:40 of 3rd period - Snap shot by Jonathan Toews.
19:40 of 3rd period - Stopped by Jonathan Bernier without a rebound.
19:41 of 3rd period - Sidney Crosby wins face-off versus Matt Duchene in Canadiens zone.
Goals for this period are 0 for Devils vs 1 for Canadiens.
Shots for this period are 14 for Devils vs 9 for Canadiens.
Back to the Top